 Dungeon Crawl Stone Soup version 0.18.1-6-gd335043 (webtiles) character file.

221 M4edhros the Chopper (level 5, -4/45 HPs)
             Began as a Minotaur Berserker on May 20, 2016.
             Was a Follower of Trog.
             Slain by a sky beast (5 damage)
             ... on level 5 of the Dungeon.
             The game lasted 00:01:24 (321 turns).

M4edhros the Chopper (Minotaur Berserker)            Turns: 321, Time: 00:01:25

Health: -4/45      AC:  5    Str: 21    XL:     5   Next: 65%
Magic:  4/4        EV: 11    Int:  4    God:    Trog [*.....]
Gold:   13         SH:  0    Dex: 11    Spells: 0 memorised, 4 levels left

rFire  . . .     SeeInvis .     a - +0 hand axe
rCold  . . .     Gourm    .     h - +0 ring mail
rNeg   . . .     Faith    .     (no shield)
rPois  .         Spirit   .     (helmet restricted)
rElec  .         Dismiss  .     (no cloak)
rCorr  +         Reflect  .     (no gloves)
SustAt .         Harm     .     (no boots)
MR     .....                    (no amulet)
Stlth  +.........               (no ring)
                                j - ring of resist corrosion

@: exhausted, slowed, very slow, not resistant to hostile enchantments, very
unstealthy
A: retaliatory headbutt, horns 2
a: Berserk, Burn Spellbooks, Renounce Religion


You were on level 5 of the Dungeon.
You worshipped Trog.
Trog was aware of your devotion.
You were very hungry.

You visited 1 branch of the dungeon, and saw 5 of its levels.

You collected 13 gold pieces.

Inventory:

Hand Weapons
 a - a +0 hand axe (weapon)
Armour
 b - a +0 animal skin
 f - a +0 leather armour
 h - a +0 ring mail (worn)
Jewellery
 j - a ring of resist corrosion (left hand)
Wands
 e - a wand of random effects (14/48)
Scrolls
 l - a scroll of recharging {unknown}
Potions
 k - a potion of cancellation {unknown}
Comestibles
 c - 2 bread rations
 d - a beef jerky
 g - 6 chunks of flesh


   Skills:
 - Level 3.6 Fighting
 + Level 7.7 Axes
 - Level 2.4 Armour
 - Level 2.1 Dodging


You had 4 spell levels left.
You didn't know any spells.

Dungeon Overview and Level Annotations

Branches:
Dungeon (5/15)             Temple (0/1) D:5

Altars:
Pakellas


Innate Abilities, Weirdness & Mutations

You reflexively headbutt those who attack you in melee.
You have a pair of horns on your head.


Message History

You hit something. Something hits you but does no damage.
You see here a worker ant corpse.
You feel a strong urge to attack something.
Something barely misses you.
You feel your anger subside.
You are no longer berserk.
You are exhausted.
You feel yourself slow down.
You are feeling very hungry.
Something hits you but does no damage.
You barely miss something. Your headbutt misses something.
Something hits you but does no damage. Something hits you.
* * * LOW HITPOINT WARNING * * *
Something shocks you.
* * * LOW HITPOINT WARNING * * *
Drink which item? (? for menu, Esc to quit)
It was a potion of cure mutation.
It has a very clean taste.
Something hits you.
* * * LOW HITPOINT WARNING * * *
Something shocks you.
You die...

## #.# ####.#
#.# #....# ...##
#.####
....####.# .
........# ...
#.###...##
....#.# ##...##
#...$.###.#..#
#..†..@##.###
##.##{......##
.........>#..#
..##...........#
..#
##..........# #
......#...#.#
.####...#.#..#
......>...#
..#...#.#..#


There were no monsters in sight!

Vanquished Creatures
  An ogre (D:4)
  An orc priest (D:3)
  A hound (D:4)
  Ijyb (D:2)
  2 worker ants (D:5)
  A giant gecko (D:5)
  2 orcs (D:3)
  A hobgoblin (D:1)
  A ball python zombie (D:5)
11 creatures vanquished.

Notes
Turn   | Place    | Note
--------------------------------------------------------------
     0 | D:1      | M4edhros the Minotaur Berserker began the quest for the Orb.
     0 | D:1      | Reached XP level 1. HP: 19/19 MP: 0/0
    28 | D:2      | Noticed Ijyb
    36 | D:2      | Killed Ijyb
    36 | D:2      | Reached skill level 5 in Axes
    36 | D:2      | Reached XP level 2. HP: 21/26 MP: 1/1
   100 | D:3      | Reached XP level 3. HP: 19/31 MP: 2/2
   200 | D:4      | Reached skill level 6 in Axes
   200 | D:4      | Reached XP level 4. HP: 18/39 MP: 3/3
   203 | D:4      | Noticed an ogre
   207 | D:4      | Killed an ogre
   207 | D:4      | Reached skill level 7 in Axes
   207 | D:4      | Reached XP level 5. HP: 27/45 MP: 4/4
   226 | D:5      | Entered Level 5 of the Dungeon
   266 | D:5      | Found an oddly glowing altar of Pakellas.
   302 | D:5      | Found a staircase to the Ecumenical Temple.
   304 | D:5      | Noticed a sky beast
   321 | D:5      | HP: 1/45 [something (3)]
   321 | D:5      | Slain by a sky beast

Skill      XL: |  1  2  3  4 |
---------------+-------------+-----
Axes           | 5 6 7 |  7.7
Fighting       | |  3.6
Armour         | |  2.4
Dodging        | |  2.1

Action                   |  1- 3 |  4- 6 || total
-------------------------+-------+-------++-------
Melee: Hand axe          |    29 |    16 ||    45
       Headbutt          |     5 |     3 ||     8
Invok: Berserk           |     2 |     2 ||     4
  Use: Potion            |       |     1 ||     1
  Eat: Chunk             |       |     1 ||     1
Armor: Animal skin       |     1 |       ||     1
       Leather armour    |     2 |       ||     2
       Ring mail         |     2 |     8 ||    10
Dodge: Dodged            |    13 |     6 ||    19
